 Dungeon Crawl Stone Soup version 0.27-a0-1555-g0e7b3fb1d2 (webtiles) character file.

Game seed: 10683796400792396451

489 Morbidden the Covered (level 6, -6/47 HPs)
             Began as a Demonspawn Fighter on July 15, 2021.
             Mangled by Robin (17 damage)
             ... on level 4 of the Dungeon.
             The game lasted 00:04:13 (4416 turns).

Morbidden the Covered (Demonspawn Fighter)          Turns: 4416, Time: 00:04:16

Health: -6/47      AC:  8    Str: 16    XL:     6   Next: 90%
Magic:  7/7        EV:  7    Int: 12    God:
Gold:   96         SH:  9    Dex: 12    Spells: 2/7 levels left

rFire    . . .     SeeInvis .   a - +0 long sword
rCold    . . .     Faith    .   c - +0 kite shield
rNeg     . . .     Spirit   .   b - +0 scale mail
rPois    .         Reflect  .   (no helmet)
rElec    .         Harm     .   (no cloak)
rCorr    .         Rampage  .   g - +0 pair of gloves
Will     .....                  (no boots)
Stlth    ..........             (no amulet)
HPRegen  0.15/turn              q - ring of wizardry
MPRegen  0.10/turn              (no ring)

@: no status effects
A: talons 1, ignite blood 2
a: no special abilities


You were on level 4 of the Dungeon.
You visited 1 branch of the dungeon, and saw 4 of its levels.

You collected 96 gold pieces.

Inventory:

Hand Weapons
 a - a +0 long sword (weapon)
Missiles
 h - 7 boomerangs
 o - 14 poisoned darts (quivered)
 r - 8 atropa-tipped darts
 v - 5 curare-tipped darts
Armour
 b - a +0 scale mail (worn)
 c - a +0 kite shield (worn)
 g - a +0 pair of gloves (worn)
 w - a +0 helmet
Jewellery
 q - a ring of wizardry (left hand)
Wands
 u - a wand of charming (9)
Scrolls
 f - a scroll of teleportation {unknown}
 i - 4 scrolls of noise {unknown}
 j - a scroll of vulnerability {unknown}
 l - 4 scrolls of identify {unknown}
 m - a scroll of fog {unknown}
 n - 2 scrolls of enchant armour {unknown}
 y - a scroll of holy word {unknown}
Potions
 d - a potion of might
 e - 5 potions of curing {unknown}
 k - 2 potions of mutation {unknown}
 p - a potion of magic {unknown}
 s - a potion of invisibility {unknown}
 t - 3 potions of degeneration {unknown}
 x - a potion of heal wounds {unknown}
 z - a potion of flight {unknown}
 A - a potion of ambrosia {unknown}


   Skills:
 + Level 3.5 Fighting
 + Level 3.5 Long Blades
 + Level 1.5 Throwing
 + Level 4.0 Armour
 + Level 1.3 Dodging
 + Level 4.0 Shields
 * Level 1.1 Spellcasting
 * Level 1.0 Necromancy
 * Level 0.7 Earth Magic


You had 2 spell levels left.
You knew the following spells:

 Your Spells              Type           Power      Damage    Failure   Level
a - Borgnjor's Vile Clut  Necr/Erth      1%         N/A       100%        5

Your spell library contained the following spells:

 Spells                   Type           Power      Damage    Failure   Level
 Animate Dead             Necr           1%         N/A       100%        4
 Death Channel            Necr           1%         N/A       100%        6


Dungeon Overview and Level Annotations

Branches:
Dungeon (4/15)
 Temple: D:4-7

Altars:

Shops:
D:3 [

Annotations:
D:4 Robin


Innate Abilities, Weirdness & Mutations

You have sharp toenails.
Your demonic aura often causes spilled blood to erupt in flames.


Message History

The goblin is severely wounded.
The goblin hits you but does no damage.
You are electrocuted!!
Robin roars a battlecry!
The goblins go into a battle-frenzy!
You hear a shout! x4
You hit the goblin.
You kill the goblin!
Robin throws the goblin at you!
A goblin comes into view.
It is wielding a +0 dagger and quivering poisoned darts.
You block the goblin's attack.
Unknown command.
Unknown command.
A hobgoblin comes into view.
The goblin unwields a +0 club.
The goblin wields a +0 hunting sling.
The goblin shoots a stone.
You block the stone.
You see here a +0 club.
Robin roars a battlecry!
The hobgoblin goes into a battle-frenzy!
The goblin shoots a stone.
The stone hits you.
A goblin comes into view. It is wielding a +0 club.
Robin throws the goblin at you! The goblin hits you with a +0 dagger.
You barely miss the goblin. Your kick misses the goblin.
The goblin shoots a stone.
The stone hits you but does no damage.
A hobgoblin comes into view.
The goblin hits you with a +0 dagger.
The goblin shoots a stone.
You block the stone.
You slash the goblin!
You kill the goblin!
Robin's horned helmet rattles.
A goblin comes into view. It is wielding a +0 dagger.
Unknown command.
Robin throws the goblin at you!
The goblin unwields a +0 hunting sling.
The goblin wields a +0 club.
The goblin hits you but does no damage.
You hit the goblin. You claw the goblin.
You kill the goblin!
A goblin comes into view.
It is wielding a +0 dagger and wearing the ring "Waifoph" {rN+++ rCorr Str-2 Dex+6 Stlth+}.
Robin hits you from afar with a +6 trident of distortion.
* * * LOW HITPOINT WARNING * * *
Space warps horribly around you!
You die...

#/ ..
#.#.#####g####
.......g... #.....#
#.g.).# #.)...#
#ggg..#
######.....#
#.####....)@....#
#.........☼........
######.############
#.# #.# #.#
#####.############
#.................#
#.................#


You could see Robin, 2 hobgoblins and 3 goblins.

Vanquished Creatures
  A black bear (D:4)
  2 ogres (D:4)
  A hound (D:4)
  Terence (D:2)
  An orc wizard (D:3)
  3 adders
  2 dart slugs
  7 orcs
  7 endoplasms
  5 giant cockroaches
  7 goblins
  9 hobgoblins
  15 jackals
  5 quokkas
  10 ball pythons
  7 bats
  7 frilled lizards
  7 kobolds
  11 rats
108 creatures vanquished.

Vanquished Creatures (collateral kills)
  A kobold (D:3)
1 creature vanquished.

Grand Total: 109 creatures vanquished

Notes
Turn   | Place    | Note
-------+----------+-------------------------------------------
     0 | D:1      | Morbidden the Demonspawn Fighter began the quest for the
                  | Orb.
     0 | D:1      | Reached XP level 1. HP: 18/18 MP: 1/1
    74 | D:1      | Gained mutation: Your demonic aura sometimes causes spilled
                  | blood to erupt in flames. [demonic ancestry]
    74 | D:1      | Reached XP level 2. HP: 4/24 MP: 2/2
   965 | D:1      | Reached XP level 3. HP: 19/29 MP: 3/3
  1840 | D:2      | Noticed Terence
  1895 | D:2      | Killed Terence
  1896 | D:2      | Reached skill level 1 in Throwing
  1896 | D:2      | Gained mutation: Your demonic aura often causes spilled
                  | blood to erupt in flames. [demonic ancestry]
  1896 | D:2      | Reached XP level 4. HP: 17/35 MP: 4/4
  2174 | D:2      | Found a faded altar of an unknown god.
  3093 | D:3      | Found Himemnoo's Antique Armour Shop.
  3261 | D:3      | Reached XP level 5. HP: 38/41 MP: 5/5
  3387 | D:3      | Noticed a water moccasin
  3870 | D:4      | Reached skill level 1 in Dodging
  4121 | D:4      | Noticed an ogre
  4141 | D:4      | Killed an ogre
  4142 | D:4      | Gained mutation: You have sharp toenails. [demonic
                  | ancestry]
  4142 | D:4      | Reached XP level 6. HP: 29/47 MP: 6/6
  4210 | D:4      | Learned a level 5 spell: Borgnjor's Vile Clutch
  4397 | D:4      | Reached skill level 1 in Spellcasting
  4397 | D:4      | Reached skill level 1 in Necromancy
  4406 | D:4      | Noticed Robin
  4416 | D:4      | Identified the ring "Waifoph" {rN+++ rCorr Str-2 Dex+6
                  | Stlth+}
  4416 | D:4      | Mangled by Robin

Illustrated notes

Levels and vault maps discovered:
D:1:      dpeg_arrival_erosion, layout_basic
D:2:      layout_loops_ring, serial_rivers, chequers_serial_rivers_large_b,
          chequers_serial_rivers_micro_a, chequers_serial_rivers_small_a,
          chequers_serial_rivers_room_a, chequers_serial_rivers_micro_d,
          chequers_serial_rivers_small_3, hellmonk_ecumenical_altar_run_dry,
          uniq_terence
D:3:      layout_basic, serial_shops, nicolae_shop_overgrown_old_shop
D:4:      layout_basic, uniq_sigmund, uniq_edmund, uniq_robin

Skill      XL: |  1  2  3  4  5  6 |
---------------+-------------------+-----
Shields        | 3 4 |  4.0
Long Blades    | 2 3 |  3.5
Armour         | 3 4 |  4.0
Throwing       | 1 |  1.5
Dodging        | 1 |  1.3
Spellcasting   | 1 |  1.1
Necromancy     | 1 |  1.0
Fighting       | |  3.5
Earth Magic    | |  0.7

Action                   |  1- 3 |  4- 6 || total
-------------------------+-------+-------++-------
Melee: Long sword        |   176 |   177 ||   353
       Kick              |       |    10 ||    10
Throw: Boomerang         |     3 |       ||     3
       Dart              |    14 |     9 ||    23
Evoke: Wand              |       |     2 ||     2
Armor: Scale mail        |   152 |   108 ||   260
Dodge: Dodged            |    87 |    66 ||   153
Block: Kite shield       |   120 |   119 ||   239
       Rpst.: Long sword |    28 |    24 ||    52

Table legend: (Time is in decaauts)
 A = Elapsed time spent in this place.
 B = Non-inter-level travel time spent in this place.
 C = Inter-level travel time spent in this place.
 D = Time resting spent in this place.
 E = Time spent auto-exploring this place.
 F = Levels seen in this place.
 G = Mean time per level.
                   A        B        C        D        E       F      G
               +--------+--------+--------+--------+--------+-----+--------+
         Total |   4635 |   4573 |     62 |    290 |   3293 |   4 | 1158.8 |
       Dungeon |   4635 |   4573 |     62 |    290 |   3293 |   4 | 1158.8 |
               +--------+--------+--------+--------+--------+-----+--------+

Top non-repeatable levels by time:
     D:1: 1537 daAuts
     D:2: 1389 daAuts
     D:3: 879 daAuts
     D:4: 828 daAuts
